 Dungeon Crawl Stone Soup version 0.23.2-1-ga50397a (webtiles) character file.

Game seed: 5929370397897483690

255 whitewolfNL the Cudgeler (level 5, -1/48 HPs)
             Began as a Minotaur Berserker on May 28, 2019.
             Was a Priest of Trog.
             Killed from afar by an orc wizard (6 damage)
             ... with a magic dart
             ... on level 3 of the Dungeon.
             The game lasted 00:09:18 (2695 turns).

whitewolfNL the Cudgeler (Minotaur Berserker)       Turns: 2695, Time: 00:09:19

Health: -1/48      AC:  8    Str: 22    XL:     5   Next: 91%
Magic:  4/4        EV:  8    Int:  8    God:    Trog [***...]
Gold:   143        SH:  0    Dex: 10    Spells: 4/4 levels left

rFire    . . .     SeeInvis .   y - +0 flail
rCold    . . .     Gourm    .   (no shield)
rNeg     . . .     Faith    .   n - +0 chain mail
rPois    .         Spirit   .   (helmet restricted)
rElec    .         Reflect  .   (no cloak)
rCorr    +         Harm     .   (no gloves)
MR       .....                  (no boots)
Stlth    ..........             (no amulet)
HPRegen  0.16/turn              f - ring of resist corrosion
MPRegen  0.09/turn              A - +4 ring of intelligence

@: berserk cooldown, slowed, very slow
A: retaliatory headbutt, horns 2
a: Berserk, Trog's Hand, Renounce Religion


You were on level 3 of the Dungeon.
You worshipped Trog.
Trog was most pleased with you.
You were near starving.

You visited 1 branch of the dungeon, and saw 4 of its levels.

You collected 143 gold pieces.

Inventory:

Hand Weapons
 s - a +0 hunting sling
 y - a +0 flail (weapon)
Missiles
 d - 40 bolts
 h - 116 stones (quivered)
 r - 45 sling bullets
 t - 4 silver javelins
 u - 15 arrows
Armour
 n - a +0 chain mail (worn)
Jewellery
 f - a ring of resist corrosion (left hand)
 A - a +4 ring of intelligence (right hand)
Wands
 z - a wand of random effects (22)
Scrolls
 b - 8 scrolls of identify {unknown}
 j - a scroll of fear {unknown}
 k - 3 scrolls of remove curse {unknown}
 o - a scroll of immolation {unknown}
 q - 3 scrolls of teleportation {unknown}
 v - a scroll of enchant armour {unknown}
 w - a scroll of enchant weapon {unknown}
Potions
 e - 3 potions of magic {unknown}
 g - 2 potions of curing {unknown}
 i - a potion of resistance {unknown}
 m - 2 potions of heal wounds {unknown}
 p - 3 potions of cancellation {unknown}
 x - a potion of degeneration {unknown}
Comestibles
 c - 6 rations
 l - 2 chunks of flesh


   Skills:
 + Level 5.2 Fighting
 * Level 6.7 Maces & Flails
 + Level 0.8 Throwing
 - Level 2.4 Armour
 - Level 2.1 Dodging
 + Level 0.8 Evocations


You had 4 spell levels left.
You didn't know any spells.
Your spell library was empty.

Dungeon Overview and Level Annotations

Branches:
Dungeon (4/15)
 Temple: D:4-7

Altars:


Innate Abilities, Weirdness & Mutations

You reflexively headbutt those who attack you in melee.
You have a pair of horns on your head.


Message History

The magic dart hits you.
* * * LOW HITPOINT WARNING * * *
The orc hits you but does no damage.
The orc wizard points at you and mumbles some strange words.
You resist with some effort. The orc barely misses you.
The orc hits you but does no damage. The orc wizard barely misses you.
The orc hits you but does no damage.
The orc hits you from afar with a +0 trident.
* * * LOW HITPOINT WARNING * * *
The orc wizard points at you and mumbles some strange words.
The magic dart hits you.
* * * LOW HITPOINT WARNING * * *
You climb upwards.
There is a stone staircase leading down here.
You barely miss the orc.
The orc wizard hits you but does no damage.
The orc hits you but does no damage.
The orc wizard points at you and mumbles some strange words.
The magic dart hits you.
You die...

#...# #........
#...# #........
#...########........
###...##............
#......#.###........
#......#.# ####.....
#........#####......
#...o..........#....
#..@...#########....
#...o........###....
#.............##....
#..............#....
#..............#....
#..............#....
#####..........#.###
#............###
##......[.#.#...


You could see an orc wizard and an orc.

Vanquished Creatures
  A bullfrog (D:4)
  Jessica (D:2)
  7 adders
  An ooze (D:2)
  5 worms
  2 dart slugs
  A leopard gecko (D:2)
  6 orcs
  4 giant cockroaches
  9 goblins
  10 hobgoblins
  4 jackals
  7 kobolds
  A quokka (D:2)
  2 ball pythons (D:2)
  10 bats
  7 frilled lizards
  3 rats
81 creatures vanquished.

Notes
Turn   | Place    | Note
-------+----------+-------------------------------------------
     0 | D:1      | whitewolfNL the Minotaur Berserker began the quest for the
                  | Orb.
     0 | D:1      | Reached XP level 1. HP: 19/19 MP: 0/0
   267 | D:1      | Reached skill level 4 in Maces & Flails
   287 | D:1      | Reached XP level 2. HP: 23/27 MP: 1/1
  1026 | D:2      | Reached XP level 3. HP: 33/33 MP: 2/2
  1268 | D:2      | Reached skill level 5 in Maces & Flails
  1286 | D:2      | Reached ** piety under Trog
  1321 | D:2      | Reached XP level 4. HP: 23/41 MP: 3/3
  1893 | D:2      | Noticed Jessica
  1896 | D:2      | Killed Jessica
  1938 | D:2      | Reached skill level 6 in Maces & Flails
  1958 | D:2      | Found a faded altar of an unknown god.
  2183 | D:3      | Reached XP level 5. HP: 47/47 MP: 4/4
  2300 | D:3      | Reached skill level 5 in Fighting
  2676 | D:4      | Reached *** piety under Trog
  2695 | D:3      | Killed from afar by an orc wizard

Skill      XL: |  1  2  3  4  5 |
---------------+----------------+-----
Maces & Flails | 4 5 6 |  6.7
Fighting       | 4 5 |  5.2
Throwing       | |  0.8
Armour         | |  2.4
Dodging        | |  2.1
Evocations     | |  0.8

Action                   |  1- 3 |  4- 6 || total
-------------------------+-------+-------++-------
Melee: Mace              |    78 |    73 ||   151
       Headbutt          |    11 |    13 ||    24
       Flail             |       |    25 ||    25
Invok: Berserk           |       |     4 ||     4
  Eat: Chunk             |     1 |     7 ||     8
Armor: Animal skin       |     6 |       ||     6
       Scale mail        |    19 |       ||    19
       Chain mail        |    12 |    82 ||    94
Dodge: Dodged            |    49 |    60 ||   109
